General information
			
			
        
        - name: BNet
 
        - type: Ladder team game (AT/RT)
 
        - host: Battle.net
 
        - saver: HoneyBlunt
 
        
map: Dragonblight 
        - players: 6
 
        - length: 19:33
 
        - speed: Fast
 - version: 1.22 W3XP
 - replay type:  Public
 
» download(126 KB)
Players
        team 1 (winner) 
              
              
» 
General-M (
teal | 41 APM | 794 actions | 19:31)
              
 6 Death Knight 
 3 Death Coil
 3 Unholy Aura
 2 Lich 
 1 Frost Nova
 1 Frost Armor
 
                » actions 
                
                | Assign group hotkey | 1 |  | 
| Basic commands | 5 |  | 
| Build / train | 56 |  | 
| Enter build submenu | 14 |  | 
| Enter hero's abilities submenu | 8 |  | 
| Right click | 403 |  | 
| Select / deselect | 241 |  | 
| Select group hotkey | 3 |  | 
| Use ability | 63 |  | 
                794 total
 » units 
                
                | Acolyte | 2 |  | 
| Ghoul | 4 |  | 
| Crypt Fiend | 13 |  | 
| Nerubian Webspinner | 1 |  | 
| Obsidian Statue | 2 |  | 
| Frost Wyrm | 5 |  | 
                27 total
 » upgrades
                
                | Creature Attack | 2 |  | 
| Creature Carapace | 1 |  | 
| Burrow | 1 |  | 
| Web | 1 |  | 
| Destroyer Form | 1 |  | 
                6 total
 » buildings
                
                | Crypt | 1 |  | 
| Graveyard | 1 |  | 
| Ziggurat | 7 |  | 
| Altar of Darkness | 1 |  | 
| Tomb of Relics | 1 |  | 
| Halls of the Dead | 1 |  | 
| Black Citadel | 2 |  | 
| Sacrificial Pit | 1 |  | 
| Slaughterhouse | 1 |  | 
| Boneyard | 1 |  | 
                17 total
 » build order
                00:08 Crypt
00:10 Graveyard
00:46 Ziggurat
00:56 Altar of Darkness
01:24 Ziggurat
02:35 Tomb of Relics
03:31 Ziggurat
04:01 Halls of the Dead
06:26 Ziggurat
08:48 Black Citadel
09:35 Sacrificial Pit
10:22 Slaughterhouse
10:23 Ziggurat
11:09 Ziggurat
13:53 Boneyard
17:55 Ziggurat
» items
                
                | Rod of Necromancy | 1 |  | 
| Potion of Healing | 2 |  | 
| Potion of Mana | 2 |  | 
| Scroll of Town Portal | 1 |  | 
                6 total
  
               
              
              
» 
HoneyBlunt (
yellow | 77 APM | 1511 actions | 19:33)
              
 6 Paladin 
 1 Holy Light
 3 Devotion Aura
 1 Divine Shield
 1 Resurrection
 
                » actions 
                
                | Assign group hotkey | 35 |  | 
| Basic commands | 42 |  | 
| Build / train | 73 |  | 
| Enter build submenu | 19 |  | 
| Enter hero's abilities submenu | 7 |  | 
| Give item / drop item | 1 |  | 
| Remove unit from queue | 1 |  | 
| Right click | 682 |  | 
| Select / deselect | 316 |  | 
| Select group hotkey | 239 |  | 
| Use ability | 96 |  | 
                1511 total
 » units 
                
                | Peasant | 14 |  | 
| Footman | 13 |  | 
| Knight | 14 |  | 
| Mortar Team | 1 |  | 
                42 total
 » upgrades
                
                | Masonry | 3 |  | 
| Defend | 1 |  | 
| Lumber Harvesting | 2 |  | 
| Animal War Training | 1 |  | 
| Flare | 1 |  | 
| Swords | 1 |  | 
| Plating | 2 |  | 
                11 total
 » buildings
                
                | Barracks | 2 |  | 
| Farm | 8 |  | 
| Altar of Kings | 1 |  | 
| Lumber Mill | 1 |  | 
| Keep | 1 |  | 
| Arcane Vault | 2 |  | 
| Blacksmith | 1 |  | 
| Castle | 1 |  | 
| Scout Tower | 4 |  | 
| Guard Tower | 2 |  | 
| Workshop | 1 |  | 
                24 total
 » build order
                00:23 Barracks
00:27 Farm
00:35 Altar of Kings
00:50 Farm
01:18 Lumber Mill
01:51 Farm
02:51 Farm
03:34 Keep
04:01 Arcane Vault
04:27 Blacksmith
05:21 Farm
06:10 Castle
06:13 Farm
06:27 Scout Tower
06:31 Scout Tower
06:33 Scout Tower
06:36 Scout Tower
08:00 Guard Tower
08:39 Workshop
09:32 Barracks
13:45 Guard Tower
14:32 Farm
15:08 Arcane Vault
15:43 Farm
» items
                
                | Rod of Necromancy | 2 |  | 
| Potion of Healing | 2 |  | 
| Scroll of Town Portal | 2 |  | 
| Boots of Speed | 1 |  | 
| Orb of Fire | 1 |  | 
                8 total
  
               
              
              
» 
Sexy-MeatWagon (
red | 65 APM | 1262 actions | 19:31)
              
 5 Keeper of the Grove 
 1 Entangling Roots
 1 Thorns Aura
 3 Force of Nature
 3 Priestess of the Moon 
 2 Trueshot Aura
 1 Searing Arrows
 
                » actions 
                
                | Assign group hotkey | 32 |  | 
| Basic commands | 58 |  | 
| Build / train | 79 |  | 
| Enter build submenu | 14 |  | 
| Enter hero's abilities submenu | 8 |  | 
| Right click | 422 |  | 
| Select / deselect | 318 |  | 
| Select group hotkey | 288 |  | 
| Use ability | 43 |  | 
                1262 total
 » units 
                
                | Wisp | 20 |  | 
| Archer | 12 |  | 
| Druid of the Talon | 6 |  | 
| Faerie Dragon | 5 |  | 
| Dryad | 8 |  | 
| Chimaera | 3 |  | 
                54 total
 » upgrades
                
                | Strength of the Moon | 2 |  | 
| Strength of the Wild | 2 |  | 
| Moon Armor | 1 |  | 
| Improved Bows | 1 |  | 
| Druid of the Talon Training | 1 |  | 
| Abolish Magic | 1 |  | 
| Reinforced Hides | 1 |  | 
| Marksmanship | 1 |  | 
                10 total
 » buildings
                
                | Altar of Elders | 1 |  | 
| Moon Well | 5 |  | 
| Ancient of War | 1 |  | 
| Ancient of Wonders | 1 |  | 
| Hunter's Hall | 2 |  | 
| Tree of Ages | 1 |  | 
| Ancient of Wind | 1 |  | 
| Ancient of Lore | 1 |  | 
| Tree of Life | 1 |  | 
| Tree of Eternity | 1 |  | 
| Chimaera Roost | 1 |  | 
                16 total
 » build order
                00:20 Altar of Elders
00:35 Moon Well
00:50 Ancient of War
01:40 Moon Well
02:05 Ancient of Wonders
02:44 Hunter's Hall
02:48 Hunter's Hall
03:05 Moon Well
05:11 Tree of Ages
05:23 Moon Well
07:47 Ancient of Wind
07:50 Ancient of Lore
08:54 Moon Well
09:35 Tree of Life
10:53 Tree of Eternity
14:43 Chimaera Roost
» items
                 
               team 2 (loser) 
              
              
badmanz (
blue | 76 APM | 1491 actions | 19:31)
              
 4 Keeper of the Grove 
 2 Entangling Roots
 2 Force of Nature
 
                » actions 
                
                | Assign group hotkey | 419 |  | 
| Basic commands | 205 |  | 
| Build / train | 57 |  | 
| Enter build submenu | 15 |  | 
| Enter hero's abilities submenu | 4 |  | 
| Remove unit from queue | 4 |  | 
| Right click | 307 |  | 
| Select / deselect | 271 |  | 
| Select group hotkey | 173 |  | 
| Use ability | 36 |  | 
                1491 total
 » units 
                » upgrades
                
                | Strength of the Moon | 3 |  | 
| Moon Armor | 3 |  | 
| Improved Bows | 1 |  | 
| Marksmanship | 1 |  | 
                8 total
 » buildings
                
                | Altar of Elders | 1 |  | 
| Moon Well | 5 |  | 
| Hunter's Hall | 1 |  | 
| Ancient of War | 2 |  | 
| Ancient Protector | 5 |  | 
| Tree of Ages | 1 |  | 
| Tree of Eternity | 1 |  | 
| Ancient of Wonders | 1 |  | 
                17 total
 » build order
                00:05 Altar of Elders
00:07 Moon Well
01:44 Hunter's Hall
01:46 Ancient of War
01:52 Moon Well
02:13 Ancient of War
02:53 Moon Well
05:45 Ancient Protector
05:47 Ancient Protector
05:49 Ancient Protector
05:51 Ancient Protector
05:56 Ancient Protector
07:14 Moon Well
10:41 Tree of Ages
13:38 Tree of Eternity
14:46 Moon Well
15:18 Ancient of Wonders
» items
                 
               
              
              
j0ke (
green | 80 APM | 1543 actions | 19:23)
              
 5 Archmage 
 3 Summon Water Elemental
 2 Brilliance Aura
 2 Mountain King 
 1 Storm Bolt
 1 Bash
 
                » actions 
                
                | Assign group hotkey | 35 |  | 
| Basic commands | 142 |  | 
| Build / train | 82 |  | 
| Enter build submenu | 18 |  | 
| Enter hero's abilities submenu | 7 |  | 
| Give item / drop item | 3 |  | 
| Remove unit from queue | 2 |  | 
| Right click | 549 |  | 
| Select / deselect | 251 |  | 
| Select group hotkey | 384 |  | 
| Use ability | 70 |  | 
                1543 total
 » units 
                
                | Peasant | 15 |  | 
| Footman | 2 |  | 
| Rifleman | 14 |  | 
| Mortar Team | 6 |  | 
| Priest | 4 |  | 
| Spell Breaker | 2 |  | 
                43 total
 » upgrades
                
                | Long Rifles | 1 |  | 
| Gunpowder | 2 |  | 
| Fragmentation Shards | 1 |  | 
| Priest Training | 1 |  | 
                5 total
 » buildings
                
                | Altar of Kings | 1 |  | 
| Farm | 9 |  | 
| Barracks | 1 |  | 
| Blacksmith | 1 |  | 
| Scout Tower | 1 |  | 
| Lumber Mill | 1 |  | 
| Keep | 1 |  | 
| Arcane Tower | 1 |  | 
| Arcane Vault | 1 |  | 
| Workshop | 1 |  | 
| Arcane Sanctum | 1 |  | 
| Town Hall | 1 |  | 
| Castle | 1 |  | 
                21 total
 » build order
                00:05 Altar of Kings
00:24 Farm
00:25 Barracks
01:09 Farm
01:11 Farm
01:34 Farm
02:01 Blacksmith
02:33 Scout Tower
02:39 Lumber Mill
03:35 Keep
04:13 Arcane Tower
04:16 Farm
04:18 Farm
04:58 Arcane Vault
05:41 Farm
05:44 Farm
07:20 Workshop
07:23 Arcane Sanctum
07:47 Town Hall
08:06 Farm
11:15 Castle
» items
                
                | Scroll of Regeneration | 3 |  | 
| Scroll of Town Portal | 2 |  | 
| Boots of Speed | 1 |  | 
| Potion of Lesser Invulnerability | 1 |  | 
| Scroll of Healing | 6 |  | 
| Scroll of Protection | 3 |  | 
                16 total
  
               
              
              
puremike (
orange | 56 APM | 1089 actions | 19:27)
              
 6 Priestess of the Moon 
 3 Trueshot Aura
 3 Searing Arrows
 
                » actions 
                
                | Assign group hotkey | 21 |  | 
| Basic commands | 55 |  | 
| Build / train | 66 |  | 
| Enter build submenu | 15 |  | 
| Enter hero's abilities submenu | 4 |  | 
| Right click | 528 |  | 
| Select / deselect | 310 |  | 
| Select group hotkey | 56 |  | 
| Use ability | 34 |  | 
                1089 total
 » units 
                » upgrades
                
                | Ultravision | 1 |  | 
| Strength of the Moon | 2 |  | 
| Moon Armor | 2 |  | 
                5 total
 » buildings
                
                | Altar of Elders | 1 |  | 
| Moon Well | 5 |  | 
| Hunter's Hall | 1 |  | 
| Ancient of War | 2 |  | 
| Ancient Protector | 5 |  | 
| Tree of Ages | 1 |  | 
| Tree of Eternity | 1 |  | 
                16 total
 » build order
                00:06 Altar of Elders
00:21 Moon Well
01:44 Hunter's Hall
01:51 Ancient of War
01:57 Moon Well
02:18 Ancient of War
02:46 Moon Well
02:51 Ancient Protector
06:05 Ancient Protector
06:08 Ancient Protector
06:15 Ancient Protector
06:16 Ancient Protector
06:23 Moon Well
10:30 Moon Well
14:42 Tree of Ages
17:09 Tree of Eternity
» items
                
                | Scroll of Protection | 1 |  | 
| Tome of Retraining | 1 |  | 
                2 total
  
                Chat log
          (00:11 / Allies) Sexy-MeatWagon: mhmmmmmmm
(00:12 / Allies) HoneyBlunt: u want me melee?
(00:13 / Allies) General-M: i dont
(00:13 / Allies) Sexy-MeatWagon: dry dott arch
(00:17 / Allies) General-M: i just like to joke about it
(00:31 / Allies) Sexy-MeatWagon: i wonder how many people hack in this game
(00:39 / Allies) General-M: not many anymore
(00:40 / Allies) HoneyBlunt: hundreds
(01:04 / Allies) General-M: the figure has surprisingly dropped.
(01:07 / Allies) HoneyBlunt: some ppl dont care and get a new game or steak a key
(01:11 / Allies) HoneyBlunt: yea
(01:19 / Allies) Sexy-MeatWagon: costs like 20 dollars now days anyway
(01:44 / Allies) General-M: FUCK YOU ZIGURATE
(01:47 / Allies) General-M: HEAR ME?
(01:49 / Allies) General-M: FUCK
(01:52 / Allies) General-M: YOUUUUUUU
(01:57 / Allies) Sexy-MeatWagon: build faster!!
(02:07 / Allies) General-M: el summon es muy slow
(02:19 / Allies) General-M: ok
(02:25 / Allies) General-M: lets clear our expos
(02:29 / Allies) General-M: then our merc camps
(02:46 / Allies) General-M: the merc camps on this map are surprisingly over powered
(03:18 / Allies) General-M: exp tome
(03:18 / Allies) General-M: yay
(03:54 / Allies) General-M: ill solo this
(04:06 / Allies) General-M: dont worry
(04:08 / Allies) General-M: just go
(04:13 / Allies) General-M: we gotta clear this map effectivly
(04:37 / Allies) HoneyBlunt: then scout them 
(04:40 / Allies) HoneyBlunt: wtih reveal
(05:14 / Allies) General-M: this first
(05:18 / Allies) General-M: get 
(05:21 / Allies) General-M: shit
(05:30 / Allies) General-M: INCOMING
(05:35 / Allies) General-M: kill your merc mobs
(05:51 / Allies) General-M: buy the webspinner
(05:52 / Allies) General-M: fAST
(06:34 / Allies) General-M: TOWERS
(06:42 / Allies) HoneyBlunt: T{
(06:52 / Allies) General-M: get defend
(06:53 / Allies) General-M: and lets go
(08:58 / Allies) General-M: make them pay
(09:26 / Allies) General-M: red expand there
(09:48 / Allies) HoneyBlunt: nedd tp
(09:54 / Allies) Sexy-MeatWagon: same
(09:54 / Allies) General-M: no
(09:57 / Allies) General-M: you both dont
(10:01 / Allies) General-M: we will get one after
(10:07 / Allies) General-M: clear first
(10:08 / Allies) General-M: here
(10:51 / Allies) General-M: they havent teched
(10:56 / Allies) General-M: as long as we stay calm
(10:58 / Allies) General-M: we will win
(11:03 / Allies) Sexy-MeatWagon: im freaking out man!
(11:12 / Allies) General-M: *slap*
(11:15 / Allies) General-M: keep it together man
(11:17 / Allies) Sexy-MeatWagon: :O
(12:02 / Allies) HoneyBlunt: now im freaking
(12:17 / Allies) General-M: tp
(12:21 / Allies) Sexy-MeatWagon: no tp...
(12:27 / Allies) General-M: repair main
(12:28 / Allies) General-M: NOW
(12:31 / Allies) General-M: they focusing it
(14:28 / Allies) Sexy-MeatWagon: sorry
(14:29 / Allies) HoneyBlunt: gold me 
(14:33 / Allies) Sexy-MeatWagon: almost lost cause of me
(14:42 / Allies) HoneyBlunt: still goin
(14:43 / Allies) General-M: no apologies
(14:45 / Allies) General-M: we got this
(14:48 / Allies) General-M: stay cool
(14:55 / Allies) HoneyBlunt: feed me like a baby
(15:00 / Allies) Sexy-MeatWagon: ill get a tp this time
(15:11 / Allies) General-M: red
(15:15 / Allies) General-M: you're with me
(15:17 / Allies) General-M: get a tp
(15:17 / Allies) Sexy-MeatWagon: comin
(15:18 / Allies) General-M: and lets go
(15:20 / Allies) Sexy-MeatWagon: go it
(15:39 / Allies) General-M: be rdy to tp
(15:41 / Allies) General-M: at any time
(15:48 / Allies) General-M: i just want to graze them
(15:49 / Allies) Sexy-MeatWagon: yessir
(15:52 / Allies) HoneyBlunt: feed me
(15:55 / Allies) HoneyBlunt: im a hungry baby
(16:04 / Allies) General-M: go
(16:07 / Allies) General-M: just kill peasants first
(16:13 / Allies) HoneyBlunt: ur eithout 1 player
(16:23 / Allies) General-M: out
(16:41 / Allies) General-M: those fools...
(16:44 / Allies) Sexy-MeatWagon: mass mort
(16:45 / Allies) General-M: hunts
(16:46 / Allies) General-M: and mortars
(17:13 / Allies) General-M: i got frosts
(17:15 / Allies) HoneyBlunt: im just back
(17:20 / Allies) General-M: once yellow has 50 foods worth of army
(17:22 / Allies) General-M: we can go
(17:28 / Allies) HoneyBlunt: gld
(17:32 / Allies) General-M: FEED THE MAN
(17:37 / Allies) General-M: SHOW HIM YOUR TITS
(17:41 / Allies) General-M: OWN UP TO IT
(18:15 / Allies) General-M: our priority is destroying those mortars
(18:20 / Allies) HoneyBlunt: kk
(18:22 / Allies) General-M: but not in a way that risks army integrity
(18:25 / Allies) General-M: GO
(19:26 / Allies) HoneyBlunt: nice timing on ult eh?